 Dungeon Crawl Stone Soup version 0.31-a0-1074-g0b22e4e0f1 (webtiles) character file.

Game seed: 2649320201144223375

14690 grandjackal the Fighter (level 12, -4/113 HPs)
             Began as a Ghoul Monk on Dec 1, 2023.
             Was a High Priest of Kikubaaqudgha.
             Slain by Azrael
             ... wielding a +4 scimitar of flaming
              (8 damage)
             ... on level 12 of the Dungeon.
             The game lasted 00:13:20 (13504 turns).

grandjackal the Fighter (Ghoul Monk)               Turns: 13504, Time: 00:13:21

Health: -4/113     AC: 11    Str: 22    XL:     12   Next: 19%
Magic:  18/18      EV:  9    Int: 13    God:    Kikubaaqudgha [*****.]
Gold:   762        SH:  0    Dex: 11    Spells: 13/20 levels left

rFire   + .          .
                       - Unarmed
rCold   + . .        c - orb {light}
rNeg    + + +        t - +3 chain mail
rPois   ∞            (no helmet)
rElec   .            (no cloak)
rCorr   .            (no gloves)
SInv    .            (no boots)
Will    .....        H - amulet of faith Stlth
                     z - ring of protection from fire
HPRegen 0.00/turn    C - +6 ring of strength
MPRegen 0.16/turn

%: faith
@: mighty, inhibited regen, glowing
A: claws 1, cold resistance 1, negative energy resistance 3, inhibited
regeneration, torment resistance 2, devour on kill
a: Renounce Religion, Unearth Wretches, Torment


You were on level 12 of the Dungeon.
You worshipped Kikubaaqudgha.
Kikubaaqudgha was extremely pleased with you.
You visited 2 branches of the dungeon, and saw 13 of its levels.
You also visited: Ossuary.

You collected 762 gold pieces.

Inventory:

Missiles
 f - a throwing net
 l - 25 poisoned darts (quivered)
Armour
 c - an orb of light (worn)
 t - a +3 chain mail (worn)
Jewellery
 z - a ring of protection from fire (left claw)
 C - a +6 ring of strength (right claw)
 D - a ring of fire
 H - an amulet of faith (around neck)
Wands
 d - a wand of roots (4)
 s - a wand of polymorph (2)
 A - a wand of mindburst (34)
 E - a wand of quicksilver (9)
 F - a wand of charming (1)
Scrolls
 h - 9 scrolls of teleportation
 i - 4 scrolls of poison {unknown}
 n - 4 scrolls of amnesia {unknown}
 o - 2 scrolls of enchant armour
 p - 5 scrolls of noise {unknown}
 q - 4 scrolls of blinking {unknown}
 u - 3 scrolls of silence {unknown}
 v - 3 scrolls of enchant weapon
 y - 4 scrolls of fear {unknown}
 B - 2 scrolls of fog
 G - 2 scrolls of immolation
Potions
 a - 7 potions of curing
 b - a potion of ambrosia
 g - a potion of magic
 j - a potion of might
 k - 2 potions of haste
 m - 2 potions of invisibility
 r - a potion of cancellation


   Skills:
 + Level 12.4 Fighting
 - Level 3.3 Dodging
 + Level 12.2 Unarmed Combat
 + Level 4.7 Spellcasting
 + Level 10.3 Necromancy


You had 13 spell levels left.
You knew the following spells:

 Your Spells              Type           Power      Damage    Failure   Level
a - Vampiric Draining     Necr           30%        2d8       6%          3
b - Dispel Undead         Necr           30%        3d14      21%         4

Your spell library contained the following spells:

 Spells                   Type           Power      Damage    Failure   Level
 Necrotise                Necr           100%       1d9       1%          1
 Kiss of Death            Conj/Necr      64%        2d10      17%         1
 Cigotuvi's Dreadful Rot  Necr/Pois/Air  24%        N/A       47%         2
 Slow                     Hex            12%        N/A       82%         1
 Anguish                  Hex/Necr       8%         N/A       86%         4
 Death Channel            Necr           15%        N/A       97%         6
 Confusing Touch          Hex            3%         N/A       99%         3
 Sigil of Binding         Hex            3%         N/A       99%         3
 Volatile Blastmotes      Fire/Tloc      6%         2d10      99%         3
 Cause Fear               Hex            1%         N/A       100%        4
 Fulminant Prism          Conj/Hex       1%         3d5       100%        4
 Iskenderun's Mystic Bla  Conj/Tloc      3%         2d3       100%        4
 Fireball                 Conj/Fire      1%         3d3       100%        5
 Simulacrum               Ice/Necr       8%         N/A       100%        6
 Dragon's Call            Summ           1%         N/A       100%        9


Dungeon Overview and Level Annotations

Branches:
Dungeon (12/15)            Temple (1/1) D:4            Lair (0/5) D:11
    Orc (0/2) D:11        Ossuary (visited)

Altars:
Ashenzari
Cheibriados
Dithmenos
Fedhas
Gozag
Hepliaklqana
Kikubaaqudgha
Makhleb
Nemelex Xobeh
Okawaru
Qazlal
Ru
Sif Muna
Trog
Uskayaw
Vehumet
Wu Jian
Xom
Yredelemnul

Shops:
D:4 (

Annotations:
D:3 3 runed translucent doors, Lobster4's ghost, amateur DrSh
D:4 3 runed translucent doors, gelatine's ghost, amateur DsFi
D:12 Azrael


Innate Abilities, Weirdness & Mutations

You are immune to poison.
You have sharp fingernails.
Your flesh is cold resistant. (rC+)
You are immune to negative energy. (rN+++)
You do not regenerate when monsters are visible.
You are immune to unholy pain and torment.
You thrive by killing the living.


Message History

* * * LOW HITPOINT WARNING * * *
You feel much better. The fire elemental hits you.
The fire elemental burns you! You resist.
Azrael is momentarily hidden by a cloud of flames.
You mangle the fire elemental!!
You destroy the fire elemental!
Kikubaaqudgha accepts your kill.
Azrael hits you with a +4 scimitar of flaming!
* * * LOW HITPOINT WARNING * * *
Azrael burns you.
* * * LOW HITPOINT WARNING * * *
There is an open door here.
Things that are here:
a hell hound corpse; a hell hound corpse; a hell hound corpse You completely miss Azrael.
Azrael gestures at you. The sticky flame misses you.
You claw Azrael!
Azrael is lightly wounded.
Azrael hits you with a +4 scimitar of flaming.
* * * LOW HITPOINT WARNING * * *
Azrael burns you.
* * * LOW HITPOINT WARNING * * *
You claw Azrael!
Azrael is moderately wounded.
Azrael hits you with a +4 scimitar of flaming!
* * * LOW HITPOINT WARNING * * *
Azrael burns you.
* * * LOW HITPOINT WARNING * * *
Okay, then.
You mangle Azrael!!
Azrael is severely wounded.
Azrael closely misses you.
You scratch Azrael.
Azrael is severely wounded.
You claw Azrael!
Azrael is almost dead.
Azrael hits you with a +4 scimitar of flaming!
You die...
Kikubaaqudgha rasps: "You have failed me!
Welcome... oblivion!"

###+### ###+#
#.....# #....
#.....# +....
#.....# #....
#.....# #....
###.....+ #....
##.'<....#
#....######..#.....#
#...R@......########
#....######## #####


You could see Azrael.

Vanquished Creatures
  A bunyip (D:8)
  2 two-headed ogres
  Pikel (D:6)
  An ugly thing (D:8)
  A manticore (D:12)
  2 cyclopes
  A komodo dragon (D:10)
  A kobold demonologist (D:6)
  6 trolls
  A hornet (D:10)
  A wyvern (D:9)
  A basilisk (D:11)
  A vampire (D:11)
  2 wraiths
  3 fire elementals (D:12)
  Grum (D:11)
  18 yaks
  4 vampire mosquitoes (D:11)
  Menkaure (D:7)
  3 hell hounds (D:12)
  A water moccasin (D:8)
  2 acid dragons
  An ice beast (D:4)
  4 orc warriors
  2 wolves (D:11)
  4 ogres
  3 centaurs
  A lemure (D:6)
  A phantom (D:5)
  A kobold brigand (D:8)
  A bullfrog (D:8)
  6 water moccasin zombies (Ossuary)
  2 scorpions
  10 wights
  4 howler monkeys
  A quasit (D:7)
  3 jellies
  4 hounds
  7 orc priests
  2 sleepcaps
  4 iguanas
  11 orc wizards
  A scorpion zombie (D:5)
  2 hound zombies (D:5)
  2 mummies (Ossuary)
  13 adders
  A white imp (D:6)
  4 ufetubi
  An adder skeleton (D:5)
  5 adder zombies
  8 worms
  7 dart slugs
  68 orcs
  5 bats
  6 endoplasms
  2 giant cockroaches
  3 goblins
  4 hobgoblins
  4 jackals (D:4)
  9 kobolds
  2 quokkas
  6 ball pythons
  6 frilled lizards
  5 gnoll zombies (Ossuary)
  A goblin zombie (D:7)
  8 hobgoblin zombies
  A kobold skeleton (D:7)
  4 kobold zombies (Ossuary)
  2 orc skeletons (D:7)
  4 orc zombies
  8 rats
319 creatures vanquished.

Notes
Turn   | Place    | Note
-------+----------+-------------------------------------------
     0 | D:1      | grandjackal the Ghoul Monk began the quest for the Orb.
     0 | D:1      | Reached XP level 1. HP: 19/19 MP: 0/0
    35 | D:1      | Found a faded altar of an unknown god.
   199 | D:1      | Reached XP level 2. HP: 13/26 MP: 1/1
   385 | D:1      | Reached XP level 3. HP: 33/33 MP: 2/2
   946 | D:2      | Reached XP level 4. HP: 38/40 MP: 3/3
  1638 | D:3      | Reached XP level 5. HP: 35/47 MP: 4/4
  1688 | D:3      | Learned a level 3 spell: Vampiric Draining
  1897 | D:3      | Found a stormy altar of Qazlal.
  1912 | D:3      | Noticed Lobster4's ghost (amateur DrSh)
  1941 | D:3      | Found a runed translucent gate.
  1941 | D:3      | Found a runed translucent gate.
  1944 | D:3      | Found a runed translucent gate.
  2472 | D:4      | Found a staircase to the Ecumenical Temple.
  2473 | D:4      | Noticed an ice beast
  2482 | D:4      | Killed an ice beast
  2483 | D:4      | Reached skill level 5 in Fighting
  2483 | D:4      | Reached skill level 5 in Unarmed Combat
  2483 | D:4      | Reached skill level 1 in Necromancy
  2483 | D:4      | Reached XP level 6. HP: 34/56 MP: 5/5
  2487 | Temple   | Entered the Ecumenical Temple
  2760 | D:4      | Found a runed translucent gate.
  2760 | D:4      | Found a runed translucent gate.
  2760 | D:4      | Found a runed translucent gate.
  2818 | D:4      | Found an ancient bone altar of Kikubaaqudgha.
  2832 | D:4      | Became a worshipper of Kikubaaqudgha
  2832 | D:4      | Reached * piety under Kikubaaqudgha
  2832 | D:4      | Received a gift from Kikubaaqudgha
  2832 | D:4      | Reached ** piety under Kikubaaqudgha
  2892 | D:4      | Found a blossoming altar of Fedhas.
  2967 | D:4      | Found an opulent altar of Gozag.
  2969 | D:4      | Noticed gelatine's ghost (amateur DsFi)
  3120 | D:4      | Found Kar Zix's Weapon Shoppe.
  3173 | D:5      | Entered Level 5 of the Dungeon
  3208 | D:5      | Found a sand-covered staircase.
  3245 | Ossuary  | Entered an ossuary
  3280 | Ossuary  | Reached XP level 7. HP: 54/62 MP: 6/6
  3585 | D:5      | Reached *** piety under Kikubaaqudgha
  3585 | D:5      | Received a gift from Kikubaaqudgha
  3668 | D:5      | Reached XP level 8. HP: 61/71 MP: 7/7
  3899 | D:5      | Found a broken altar of Ashenzari.
  4584 | D:5      | Reached skill level 5 in Necromancy
  4803 | D:6      | Found a snail-covered altar of Cheibriados.
  5142 | D:6      | Reached XP level 9. HP: 77/81 MP: 8/8
  5187 | D:6      | Reached **** piety under Kikubaaqudgha
  5195 | D:6      | Found a shimmering blue altar of Sif Muna.
  5383 | D:6      | Found a shimmering altar of Xom.
  5417 | D:6      | Noticed Pikel
  5430 | D:6      | Killed Pikel
  5542 | D:6      | Noticed a kobold demonologist
  5551 | D:6      | Noticed a soul eater
  5559 | D:6      | Killed a kobold demonologist
  6032 | D:7      | Noticed Menkaure
  6041 | D:7      | Killed Menkaure
  6257 | D:7      | Found a shadowy altar of Dithmenos.
  6620 | D:7      | Found a radiant altar of Vehumet.
  6910 | D:8      | Reached XP level 10. HP: 68/91 MP: 9/9
  7179 | D:8      | Found a hide-covered altar of Uskayaw.
  7179 | D:8      | Noticed a brown ugly thing
  7195 | D:8      | Killed a green ugly thing
  7196 | D:8      | Reached skill level 10 in Fighting
  7854 | D:8      | Found a basalt altar of Yredelemnul.
  7855 | D:8      | Noticed a five-headed hydra
  8075 | D:8      | Found an opulent altar of Gozag.
  8112 | D:8      | Reached skill level 10 in Unarmed Combat
  8122 | D:8      | a five-headed hydra changed into a bunyip
  8122 | D:8      | Noticed a bunyip
  8132 | D:8      | Killed a bunyip
  8794 | D:9      | Found a burning altar of Makhleb.
  9241 | D:9      | Noticed a two-headed ogre
  9246 | D:9      | Killed a two-headed ogre
  9247 | D:9      | Reached skill level 1 in Spellcasting
  9416 | D:9      | Learned a level 4 spell: Dispel Undead
  9424 | D:10     | Entered Level 10 of the Dungeon
  9474 | D:10     | HP: 4/94 [troll (6)]
  9476 | D:10     | Reached XP level 11. HP: 2/101 MP: 12/12
 10165 | D:10     | Noticed a moth of wrath
 10168 | D:10     | Found a bloodstained altar of Trog.
 10472 | D:10     | Reached ***** piety under Kikubaaqudgha
 10606 | D:10     | Found an ornate altar of the Wu Jian Council.
 10705 | D:10     | Noticed a two-headed ogre
 10711 | D:10     | Killed a two-headed ogre
 11051 | D:11     | Found a staircase to the Lair.
 11359 | D:11     | Found a staircase to the Orcish Mines.
 12075 | D:11     | Reached skill level 10 in Necromancy
 12296 | D:11     | Noticed a cyclops
 12306 | D:11     | Killed a cyclops
 12603 | D:11     | Noticed Grum
 12617 | D:11     | Killed Grum
 12618 | D:11     | Reached XP level 12. HP: 61/112 MP: 17/17
 13476 | D:12     | Noticed Azrael
 13501 | D:12     | HP: 5/113 [Azrael/+4 scimitar of flaming (10)]
 13504 | D:12     | Slain by Azrael

Illustrated notes

Levels and vault maps discovered:
D:1:      dpeg_arrival_leaves_temple_mockup, layout_rooms,
          shapermc_ecumenical_altar_gd, minmay_hexomino_c4
D:2:      layout_basic
D:3:      layout_loops_corners, mainiacjoe_overflow_cross_hatched,
          gammafunk_ghost_icy
D:4:      layout_cave_pools, kiku_gazebo_garden_becter,
          mainiacjoe_overflow_six_doors_small, minmay_temple_entry_arrows,
          serial_shops, nicolae_square_shop, ebering_ghost_gozag
D:5:      cheibrodos_two_vegetables, layout_cave_pools, evilmike_ruin_ashenzari,
          mainiacjoe_ossuary_entry_find_the_door, serial_column_ruins,
          column_ruins_hut_ruined, column_ruins_open_small,
          column_ruins_open_tiny, column_ruins_open_tiny,
          column_ruins_columns_T, column_ruins_open_small,
          column_ruins_open_tiny, column_ruins_columns_water
D:6:      layout_basic, mainiacjoe_overflow_alcove_1, chei_slow_surprise,
          xom_butterflies, led_sif_book, minmay_small_thing, uniq_pikel
D:7:      layout_loops_corners, nicolae_overflow_crystal_walls,
          marbit_many_paths, nicolae_tso_besieged_by_evil, uniq_menkaure
D:8:      layout_basic, mainiacjoe_overflow_paths, serial_curves,
          eino_curves_03, eino_curves_03, hangedman_feature_mirror,
          minivault_10, kennysheep_generic_room_11
D:9:      layout_roguey, bloody_makhleb, reono_crystal_passage,
          hangedman_abyss_or_decor_stabs
D:10:     layout_basic, nicolae_wu_jian_immortal_techniques, tgw_trog
D:11:     layout_stronghold, david_lair_shrubbed, hiddenorc2_lemuel, uniq_grum
D:12:     layout_roguey, uniq_azrael
Temple:   nicolae_temple_superstar

Skill      XL: |  1  2  3  4  5  6  7  8  9 10 11 12 |
---------------+-------------------------------------+-----
Dodging        | 3 |  3.3
Fighting       | 4 5 6 7 9 10 12 | 12.4
Unarmed Combat | 4 5 6 7 9 10 11 12 | 12.2
Necromancy     | 1 2 3 5 7 8 10 | 10.3
Spellcasting   | 1 4 |  4.7

Action                     |  1- 3 |  4- 6 |  7- 9 | 10-12 || total
---------------------------+-------+-------+-------+-------++-------
  Melee: Unarmed           |    78 |   200 |   436 |   452 ||  1166
  Evoke: Wand              |       |       |       |    11 ||    11
    Use: Potion            |       |       |     2 |     4 ||     6
         Scroll            |       |       |       |    13 ||    13
 Armour: Robe              |    35 |    65 |       |       ||   100
         Chain mail        |       |    46 |   352 |   382 ||   780
  Dodge: Dodged            |    46 |    93 |   186 |   175 ||   500

Table legend: (Time is in decaauts)
 A = Elapsed time spent in this place.
 B = Non-inter-level travel time spent in this place.
 C = Inter-level travel time spent in this place.
 D = Time resting spent in this place.
 E = Time spent auto-exploring this place.
 F = Levels seen in this place.
 G = Mean time per level.
                   A        B        C        D        E       F      G
               +--------+--------+--------+--------+--------+-----+--------+
         Total |  13340 |  12923 |    417 |   3229 |   7647 |  14 |  952.9 |
       Dungeon |  12908 |  12516 |    392 |   3128 |   7539 |  12 | 1075.7 |
        Temple |    139 |    114 |     25 |     69 |      0 |   1 |  139.0 |
       Ossuary |    292 |    292 |      0 |     32 |    108 |   1 |  292.0 |
               +--------+--------+--------+--------+--------+-----+--------+

Top non-repeatable levels by time:
    D:11: 2056 daAuts
     D:8: 1731 daAuts
    D:10: 1603 daAuts
     D:5: 1344 daAuts
     D:3: 1105 daAuts
     D:7: 1026 daAuts
     D:6: 1000 daAuts
     D:9: 801 daAuts
     D:2: 759 daAuts
     D:4: 581 daAuts
     D:1: 566 daAuts
    D:12: 332 daAuts
 Ossuary: 292 daAuts
  Temple: 139 daAuts
